 Dungeon Crawl Stone Soup version 0.20.0-10-g0535bb4 (webtiles) character file.

16639 AltWight the Severer (level 12, -11/94 (95) HPs)
             Began as a Barachi Berserker on June 4, 2017.
             Was a High Priest of Trog.
             Mangled by a freezing wraith (31 damage)
             ... in an ice cave.
             The game lasted 01:00:22 (12609 turns).

AltWight the Severer (Barachi Berserker)           Turns: 12609, Time: 01:00:22

HP:   -11/94 (95)   AC: 13    Str: 24    XL:     12   Next: 39%
MP:   12/12         EV: 17    Int:  8    God:    Trog [*****.]
Gold: 398           SH:  2    Dex: 18    Spells: 11/11 levels left

rFire    . . .     SeeInvis .   W - +2 battleaxe (distort)
rCold    x . .     Gourm    .   (shield currently unavailable)
rNeg     . . .     Faith    .   w - +3 ring mail of the Hare {rElec rC- Str+3 Slay+3}
rPois    +         Spirit   .   (no helmet)
rElec    +         Reflect  +   (no cloak)
rCorr    .         Harm     .   K - +1 pair of gloves {archery}
MR       .....                  L - +0 pair of boots
Stlth    +.........             e - +2 amulet of reflection
Regen    0.3/turn               r - +4 ring of dexterity
MPRegen  0.2/turn               p - ring of poison resistance

@: slow
A: +LOS, swims, slowness 1, strong legs 1
a: Hop, Berserk, Trog's Hand, Brothers in Arms, Burn Spellbooks, Renounce
Religion


You were in an ice cave.
You worshipped Trog.
Trog was extremely pleased with you.
You were not hungry.

You visited 1 branch of the dungeon, and saw 13 of its levels.
You also visited: Ice Cave.

You collected 671 gold pieces.
You spent 273 gold pieces at shops.

Inventory:

Hand Weapons
 W - a +2 battleaxe of distortion (weapon)
 Y - a +4 eveningstar of protection
Missiles
 f - a throwing net
 m - 263 arrows
 U - 15 tomahawks (quivered)
Armour
 h - the +1 pair of gloves "Boonurph" {*Corrode Regen+ Str+6 Dex-4}
   (You bought it in a shop on level 12 of the Dungeon)

   It affects your strength (+6).
   It affects your dexterity (-4).
   It increases your rate of regeneration.
   It may corrode you when you take damage.
 l - a +0 plate armour
 v - the +0 helmet of Leaves {*Slow +Fly rC++ Int+3}
   (You found it on level 7 of the Dungeon)

   It affects your intelligence (+3).
   It greatly protects you from cold.
   It lets you fly.
   It may slow you when you take damage.
 w - the +3 ring mail of the Hare (worn) {rElec rC- Str+3 Slay+3}
   (You found it on level 6 of the Dungeon)

   It affects your strength (+3).
   It affects your accuracy and damage with ranged weapons and melee attacks
   (+3).
   It makes you vulnerable to cold.
   It insulates you from electricity.
 K - a +1 pair of gloves of archery (worn)
 L - a +0 pair of boots (worn)
 P - the +1 ring mail of Lilacs {Regen+ Int+7 Dex-2 SInv}
   (You found it on level 7 of the Dungeon)

   It affects your intelligence (+7).
   It affects your dexterity (-2).
   It lets you see invisible.
   It increases your rate of regeneration.
 R - a +0 buckler
Jewellery
 e - a +2 amulet of reflection (around neck)
 p - a ring of poison resistance (right hand)
 r - a +4 ring of dexterity (left hand)
 t - an uncursed ring of ice
 A - an uncursed amulet of the gourmand
 N - an uncursed ring of protection from fire
Wands
 C - a wand of flame (25/48)
 G - a wand of lightning (10/15)
 S - a wand of polymorph (8/24)
Scrolls
 d - 3 scrolls of blinking
 i - 5 scrolls of identify
 k - 5 scrolls of teleportation
 u - 3 scrolls of amnesia {unknown}
 y - 2 scrolls of immolation {unknown}
 z - 2 scrolls of enchant weapon {unknown}
 B - a scroll of silence {unknown}
 J - 3 scrolls of remove curse
Potions
 b - 2 potions of magic {unknown}
 g - 3 potions of heal wounds
 j - 2 potions of cancellation {unknown}
 o - 4 potions of curing {unknown}
 s - 3 potions of agility {unknown}
 E - 2 potions of haste
 H - 3 potions of might {unknown}
 I - 2 potions of berserk rage {unknown}
 M - a potion of lignification {unknown}
 O - a potion of mutation {unknown}
Miscellaneous
 x - a lamp of fire
Comestibles
 a - 3 meat rations
 c - 5 bread rations
 n - 6 royal jellies
 V - a fruit


   Skills:
 + Level 9.3 Fighting
 * Level 16.1 Axes
 - Level 9.1 Armour
 + Level 8.1 Dodging
 - Level 2.6 Shields


You had 11 spell levels left.
You didn't know any spells.

Dungeon Overview and Level Annotations

Branches:
Dungeon (13/15)            Temple (0/1) D:4            Lair (0/6) D:10
    Orc (0/2) D:12
 Vaults: D:13-14

Altars:
Elyvilon
Fedhas
Hepliaklqana
Kikubaaqudgha
Nemelex Xobeh
Xom

Shops:
D:6 *   D:7 (%?   D:12 [


Innate Abilities, Weirdness & Mutations

Shadows flee at your approach. (+LOS)
You can swim through water.
You cover ground slowly.
You can hop short distances.


Message History

Here: a freezing wraith The floor.
Press: ? - help, v - describe, . - travel The floor.
You hit the freezing wraith but do no damage.
The freezing wraith disappears!
The freezing wraith reappears nearby!
You closely miss the freezing wraith. The freezing wraith hits you.
The freezing wraith freezes you!!
You feel a terrible chill!
The freezing wraith hits you but does no damage.
The freezing wraith barely misses you.
The freezing wraith hits you but does no damage.
The freezing wraith hits you. The freezing wraith freezes you!!
You feel a terrible chill!
* * * LOW HITPOINT WARNING * * *
The freezing wraith misses you.
Your two-headed ogre goes berserk!
You feel quite a bit more hungry. The freezing wraith hits you.
* * * LOW HITPOINT WARNING * * *
The freezing wraith freezes you!!
You feel a terrible chill!
You die...

#####
##...##
##..∩..##
#.......#
#...∩...#
##.....##
##.W@##
#..W##
##.O.#
##...#
##...##
#...##
#..##
##..##
##..#


You could see 2 freezing wraiths and a friendly two-headed ogre (berserk).

Vanquished Creatures
  The ghost of ThereIsNoGod the Bludgeoner, a journeyman GrFi of Trog (IceCv)
  A two-headed ogre (D:8)
  2 death yaks (D:10)
  Urug (D:12)
  Sonja (D:10)
  The ghost of ThereIsNoGod the Basher, a novice GrFi of Makhleb (D:8)
  An ugly thing (D:11)
  A gargoyle (D:10)
  3 centaur skeletons
  The ghost of ThereIsNoGod the Basher, a novice GrFi (D:5)
  The ghost of DogShitOnMyToe the Magician, a novice DEFE of Vehumet (D:4)
  A troll (D:10)
  2 hippogriffs
  8 yaks
  2 wyverns (D:10)
  Grum (D:10)
  A hungry ghost (D:7)
  2 death yak simulacra (IceCv)
  An acid dragon (D:12)
  A water moccasin (D:13)
  2 porcupines (D:10)
  4 sky beasts
  5 orc warriors
  A swamp drake (D:12)
  2 black bears
  5 ice beasts
  8 ogres
  A necrophage (D:11)
  4 wolves (D:10)
  4 centaurs
  A big kobold (D:11)
  5 bullfrogs
  3 scorpions
  5 wights (D:10)
  6 killer bees
  4 howler monkeys
  3 crimson imps
  5 hounds
  A quasit (D:11)
  A bullfrog zombie (D:10)
  A bullfrog skeleton (D:11)
  13 orc priests
  2 jellies
  5 iguanas
  12 orc wizards
  2 hell rats (D:10)
  7 worker ants
  A polar bear simulacrum (IceCv)
  A killer bee zombie (D:9)
  A wolf simulacrum (IceCv)
  A hound zombie (D:9)
  2 hound skeletons
  A worker ant zombie (D:10)
  4 gnolls (D:2)
  A howler monkey skeleton (D:9)
  18 adders
  4 shadow imps
  5 white imps (IceCv)
  An ooze (D:3)
  2 adder skeletons
  An adder zombie (D:5)
  3 worms (D:2)
  2 dart slugs
  3 leopard geckos
  56 orcs
  9 giant cockroaches
  10 goblins
  10 hobgoblins
  8 jackals
  9 quokkas
  3 ball pythons
  10 bats
  3 frilled lizards
  A giant cockroach zombie (D:5)
  11 kobolds
  A leopard gecko zombie (D:5)
  7 rats
334 creatures vanquished.

Vanquished Creatures (collateral kills)
  An ugly thing (D:11)
1 creature vanquished.

Vanquished Creatures (others)
  A two-headed ogre (D:10)
  A centaur skeleton (D:10)
  A wyvern (D:11)
  An ogre (D:11)
  A wyvern zombie (D:12)
  A hell rat (D:10)
  An orc (D:11)
  A plant (D:6)
8 creatures vanquished.

Grand Total: 343 creatures vanquished

Notes
Turn   | Place    | Note
-------+----------+-------------------------------------------
     0 | D:1      | AltWight the Barachi Berserker began the quest for the Orb.
     0 | D:1      | Reached XP level 1. HP: 18/18 MP: 1/1
    65 | D:1      | Reached XP level 2. HP: 19/24 MP: 2/2
   131 | D:1      | Reached skill level 4 in Axes
   250 | D:1      | Reached XP level 3. HP: 23/29 MP: 3/3
   307 | D:1      | Reached ** piety under Trog
   347 | D:1      | Found a sparkling altar of Nemelex Xobeh.
   748 | D:2      | Reached skill level 5 in Axes
   854 | D:2      | Reached XP level 4. HP: 36/36 MP: 4/4
   927 | D:2      | Reached skill level 6 in Axes
   930 | D:2      | Reached XP level 5. HP: 29/41 MP: 5/5
  1685 | D:3      | Reached skill level 7 in Axes
  1685 | D:3      | Reached XP level 6. HP: 47/47 MP: 6/6
  1692 | D:3      | Reached *** piety under Trog
  2545 | D:4      | Noticed DogShitOnMyToe's ghost (novice DEFE)
  2560 | D:4      | Killed DogShitOnMyToe's ghost
  2560 | D:4      | Reached skill level 8 in Axes
  2560 | D:4      | Reached XP level 7. HP: 52/52 MP: 7/7
  2996 | D:4      | You fall through a shaft for 3 floors!
  3133 | D:7      | Got a steaming helmet
  3142 | D:7      | Reached skill level 9 in Axes
  3148 | D:7      | Found Zorodobu's Weapon Emporium.
  3159 | D:6      | Got a shimmering ring mail
  3170 | D:6      | Identified the +3 ring mail of the Hare {rElec rC- Str+3 Slay+3} (You found it on level 6 of the Dungeon)
  3175 | D:6      | Identified the cursed +0 helmet of Leaves {*Slow +Fly rC++ Int+3} (You found it on level 7 of the Dungeon)
  3206 | D:6      | Reached **** piety under Trog
  3230 | D:6      | Found Zubuil's General Store.
  3254 | D:6      | Noticed a yak
  3255 | D:6      | Noticed a yak
  3255 | D:6      | Noticed a yak
  3256 | D:6      | Noticed a yak
  3256 | D:6      | Noticed a yak
  3265 | D:5      | Entered Level 5 of the Dungeon
  3271 | D:5      | Killed a yak
  3271 | D:5      | Reached skill level 5 in Armour
  3271 | D:5      | Reached XP level 8. HP: 28/59 MP: 8/8
  3275 | D:5      | Noticed ThereIsNoGod's ghost (novice GrFi)
  3587 | D:4      | Found a sparkling altar of Nemelex Xobeh.
  3648 | D:4      | Found a staircase to the Ecumenical Temple.
  3787 | D:5      | Reached skill level 10 in Axes
  3885 | D:5      | Killed ThereIsNoGod's ghost
  3973 | D:5      | Got a bloodstained rapier
  4171 | D:5      | Reached skill level 11 in Axes
  4258 | D:5      | Reached XP level 9. HP: 64/64 MP: 9/9
  4748 | D:6      | Found a hide-covered altar of Uskayaw.
  4750 | D:6      | Found a shimmering altar of Xom.
  4750 | D:6      | Found a shimmering altar of Xom.
  4751 | D:6      | Found a white marble altar of Elyvilon.
  4751 | D:6      | Found a white marble altar of Elyvilon.
  4751 | D:6      | Found an ancient bone altar of Kikubaaqudgha.
  4832 | D:6      | Reached skill level 12 in Axes
  5296 | D:6      | Found an ancient bone altar of Kikubaaqudgha.
  5297 | D:6      | Found a blossoming altar of Fedhas.
  5586 | D:7      | Got a translucent ring mail
  5597 | D:7      | Identified the cursed +1 ring mail of Lilacs {Regen+ Int+7 Dex-2 SInv} (You found it on level 7 of the Dungeon)
  5657 | D:7      | Reached ***** piety under Trog
  5777 | D:7      | Reached XP level 10. HP: 66/70 MP: 10/10
  6064 | D:7      | Reached skill level 13 in Axes
  6227 | D:7      | Found Vaakh's Food Emporium.
  6271 | D:7      | Found Opallo's Magic Scroll Shop.
  6274 | D:7      | Bought a scroll of remove curse for 36 gold pieces
  6529 | D:8      | Found a hazy altar of Hepliaklqana.
  6659 | D:8      | Noticed a two-headed ogre
  6666 | D:8      | Killed a two-headed ogre
  6666 | D:8      | Reached skill level 1 in Shields
  6846 | D:8      | Noticed ThereIsNoGod's ghost (novice GrFi)
  6861 | D:8      | Killed ThereIsNoGod's ghost
  7145 | D:9      | Reached skill level 5 in Fighting
  7932 | D:9      | Received a gift from Trog
  8002 | D:10     | Entered Level 10 of the Dungeon
  8012 | D:10     | Noticed a two-headed ogre
  8043 | D:10     | Banished a two-headed ogre
  8043 | D:10     | Reached skill level 14 in Axes
  8088 | D:10     | Noticed Sonja
  8102 | D:10     | Noticed Grum
  8133 | D:10     | Killed Sonja
  8133 | D:10     | Reached skill level 5 in Dodging
  8133 | D:10     | Reached XP level 11. HP: 40/81 MP: 11/11
  8138 | D:10     | Killed Grum
  8365 | D:10     | Noticed a death yak
  8378 | D:10     | Killed a death yak
  8520 | D:10     | Noticed a death yak
  8521 | D:10     | Noticed a death yak
  8537 | D:10     | Banished a death yak
  8539 | D:10     | Killed a death yak
  8561 | D:10     | Reached skill level 15 in Axes
  8910 | D:10     | Found a staircase to the Lair.
  9510 | D:11     | Noticed a purple ugly thing
  9598 | D:11     | Killed a purple ugly thing
  9889 | D:11     | Noticed a white ugly thing
 10252 | D:11     | Killed a white ugly thing
 10456 | D:11     | Reached XP level 12. HP: 90/93 MP: 12/12
 10755 | D:12     | Noticed Urug
 10878 | D:12     | Killed Urug
 11181 | D:12     | Found Yjuuqoul's Antique Armour Shoppe.
 11192 | D:12     | Bought a pair of jewelled gloves for 237 gold pieces
 11210 | D:12     | Identified the +1 pair of gloves "Boonurph" {*Corrode Regen+ Str+6 Dex-4} (You bought it in a shop on level 12 of the Dungeon)
 11242 | D:12     | Found a flagged portal.
 11746 | D:12     | Found a staircase to the Orcish Mines.
 12192 | D:13     | Found a frozen archway.
 12219 | IceCv    | Entered an ice cave
 12229 | IceCv    | Reached skill level 16 in Axes
 12425 | IceCv    | Noticed ThereIsNoGod's ghost (journeyman GrFi)
 12449 | IceCv    | Killed ThereIsNoGod's ghost
 12609 | IceCv    | Mangled by a freezing wraith

Skill      XL: |  1  2  3  4  5  6  7  8  9 10 11 12 |
---------------+-------------------------------------+-----
Axes           | 4 5 6 7 8 9 11 12 14 15 16 | 16.1
Armour         | 3 5 6 8 9 |  9.1
Fighting       | 6 8 9 |  9.3
Dodging        | 5 7 8 |  8.1
Shields        | 2 |  2.6

Action                   |  1- 3 |  4- 6 |  7- 9 | 10-12 || total
-------------------------+-------+-------+-------+-------++-------
Melee: Hand axe          |   100 |   122 |       |       ||   222
       War axe           |       |    90 |   242 |   119 ||   451
       Battleaxe         |       |       |       |   280 ||   280
Throw: Tomahawk          |       |       |     4 |    42 ||    46
       Throwing net      |       |       |       |     1 ||     1
Invok: Berserk           |     2 |     3 |     6 |    14 ||    25
       Brothers in Arms  |       |       |       |     4 ||     4
       Trog's Hand       |       |       |       |     2 ||     2
 Abil: Hop               |       |       |       |     1 ||     1
  Use: Scroll            |       |       |     6 |     1 ||     7
       Potion            |       |       |       |     1 ||     1
  Eat: Chunk             |     1 |     9 |    18 |    36 ||    64
       Fruit             |       |       |       |     2 ||     2
       Meat ration       |       |       |       |     1 ||     1
Armor: Animal skin       |    19 |       |       |       ||    19
       Ring mail         |    18 |       |    68 |    94 ||   180
       Scale mail        |    10 |    64 |    17 |       ||    91
       Plate armour      |       |       |     4 |       ||     4
Dodge: Dodged            |    89 |    79 |   108 |   227 ||   503
Block: Other             |       |       |    10 |    22 ||    32
       Buckler           |       |       |       |    19 ||    19
       Reflection        |       |       |       |     4 ||     4
